 Dungeon Crawl Stone Soup version 0.20-a0-1073-g49e0d3e (webtiles) character file.

1117 IcyTea the Carver (level 8, -4/58 HPs)
             Began as a Gnoll Skald on Apr 29, 2017.
             Was a Follower of Sif Muna.
             Slain by Prince Ribbit (7 damage)
             ... on level 5 of the Dungeon.
             The game lasted 00:33:46 (6525 turns).

IcyTea the Carver (Gnoll Skald)                     Turns: 6525, Time: 00:33:47

Health: -4/58      AC:  9    Str: 10    XL:     8   Next: 34%
Magic:  17/18      EV: 11    Int: 18    God:    Sif Muna [*.....]
Gold:   185        SH:  0    Dex: 13    Spells: 13/21 levels left

rFire    . . .     SeeInvis .   b - +0 hunting sling
rCold    . . .     Gourm    .   (no shield)
rNeg     . . .     Faith    .   u - +0 ring mail
rPois    .         Spirit   .   (helmet restricted)
rElec    .         Reflect  .   (no cloak)
rCorr    .         Harm     .   o - +1 pair of gloves
MR       +....                  (no boots)
Stlth    +.........             e - amulet of magic regeneration
Regen    0.2/turn               (no ring)
MPRegen  0.3/turn               (no ring)

@: no status effects
A: short attention span, fangs 1, horns 1, clever 1, magic resistance 1, shaggy
fur 1, strong nose
a: Divine Energy, Renounce Religion


You were on level 5 of the Dungeon.
You worshipped Sif Muna.
Sif Muna was aware of your devotion.
You were not hungry.

You visited 2 branches of the dungeon, and saw 6 of its levels.
You also visited: Ossuary.

You collected 267 gold pieces.
You spent 82 gold pieces at shops.

Inventory:

Hand Weapons
 a - a +3 long sword of pain
 b - a +0 hunting sling (weapon)
 x - a +1 falchion
Missiles
 s - 152 stones
 v - 44 sling bullets (quivered)
Armour
 o - a +1 pair of gloves (worn)
 u - a +0 ring mail (worn)
 y - a +2 helmet
Jewellery
 e - an amulet of magic regeneration (around neck)
Wands
 i - a wand of polymorph (7/24)
 w - a wand of polymorph (9/24)
 z - a wand of iceblast (15/15)
Scrolls
 h - 3 scrolls of enchant armour
 k - a scroll of teleportation
 n - 8 scrolls of identify
 q - 3 scrolls of recharging
Potions
 g - a potion of curing
 j - a potion of might
 p - a potion of magic {unknown}
 r - a potion of haste
 t - a potion of agility {unknown}
Books
 c - a book of Battle

   Spells                             Type                      Level
   a - Infusion                       Charms                       1
   b - Shroud of Golubria             Charms/Translocation         2
   c - Song of Slaying                Charms                       2
   d - Spectral Weapon                Hexes/Charms                 3
   e - Regeneration                   Charms/Necromancy            3
Comestibles
 d - 3 bread rations
 f - 11 fruits
 l - a chunk of flesh


   Skills:
 - Level 3.0 Fighting
 - Level 8.0 Long Blades
 - Level 4.0 Slings
 + Level 4.0 Armour
 - Level 3.0 Dodging
 - Level 7.0 Spellcasting
 - Level 7.0 Charms
 - Level 4.2 Necromancy


You had 13 spell levels left.
You knew the following spells:

 Your Spells              Type           Power        Failure   Level  Hunger
a - Infusion              Chrm           ####         1%          1    None
b - Song of Slaying       Chrm           ####....     2%          2    None
c - Shroud of Golubria    Chrm/Tloc      ###.......   10%         2    None
d - Regeneration          Chrm/Necr      ####......   8%          3    ##.....


Dungeon Overview and Level Annotations

Branches:
Dungeon (5/15)             Temple (1/1) D:5

Altars:
Ashenzari
Cheibriados
Dithmenos
Elyvilon
Fedhas
Gozag
Hepliaklqana
Kikubaaqudgha
Makhleb
Nemelex Xobeh
Okawaru
Qazlal
Sif Muna
Trog
Wu Jian
Xom
Yredelemnul
Zin

Shops:
D:5 ?

Annotations:
D:3 Grinder; endorz's ghost, amateur DrBe
D:5 Prince Ribbit


Innate Abilities, Weirdness & Mutations

You have a short attention span.
You have very sharp teeth.
Your uncanny sense of smell can sniff out nearby items.
You have a pair of small horns on your head.
Your mind is acute. (Int +2)
You are resistant to hostile enchantments. (MR+)
You are covered in fur. (AC +1)


Message History

Prince Ribbit catches a millipede with his tongue.
Prince Ribbit hits you!
* * * LOW HITPOINT WARNING * * *
Your skin is crawling a little less now.
Prince Ribbit hits you but does no damage.
Prince Ribbit blinks!
Okay, then.
Prince Ribbit blinks!
b - a +0 hunting sling (weapon)
Firing (i - inventory. (,) - cycle):
v - 45 sling bullets (quivered)
Press: ? - help, Shift-Dir - straight line, f - Prince Ribbit
Aim: Prince Ribbit (heavily wounded)
You shoot a sling bullet.
The sling bullet closely misses Prince Ribbit.
Your skin stops crawling.
Prince Ribbit blinks!
Prince Ribbit hits you!
* * * LOW HITPOINT WARNING * * *
Prince Ribbit hits you!
You die...

#.........###...#.........
#.....#.#......####.......
#######.#...#....###......
#....###.##.####.....
####..### #.##..........
#.....## #.#########.##
#.###..# #.# #.....##
#.....F####.# #......#
######.@....## ##..§...#
###.##.....##....§...
#.......##.##.[....##
#.......# ....#####..
#...:.>.# #.## #.#
#.......# # .. #..(....#
.. #.......# .. #.......#
..


You could see Prince Ribbit.

Vanquished Creatures
  A phantom (D:4)
  An ogre (D:4)
  Blork the orc (D:5)
  4 water moccasin zombies (Ossuary)
  2 scorpions
  A crimson imp (D:5)
  An orc wizard (D:3)
  Jessica (D:3)
  Natasha (thrice) (D:3)
  3 worker ants
  3 big kobold zombies (Ossuary)
  3 mummies
  Robin (D:4)
  8 adders
  An ooze (D:4)
  2 adder zombies (Ossuary)
  5 worms
  4 dart slugs
  3 leopard geckos
  7 orcs
  A ball python (D:4)
  6 bats
  5 giant cockroaches
  14 goblins
  7 hobgoblins
  9 jackals
  9 kobolds
  A quokka (D:4)
  4 frilled lizards
  3 gnoll zombies (Ossuary)
  6 hobgoblin zombies (Ossuary)
  3 kobold zombies (Ossuary)
  6 orc zombies (Ossuary)
  10 rats
139 creatures vanquished.

Vanquished Creatures (others)
  A kobold (D:2)
1 creature vanquished.

Grand Total: 140 creatures vanquished

Notes
Turn   | Place    | Note
-------+----------+-------------------------------------------
     0 | D:1      | IcyTea the Gnoll Skald began the quest for the Orb.
     0 | D:1      | Reached XP level 1. HP: 18/18 MP: 4/4
   278 | D:1      | Reached skill level 4 in Long Blades
   278 | D:1      | Reached XP level 2. HP: 23/24 MP: 6/6
   296 | D:1      | Learned a level 2 spell: Song of Slaying
   299 | D:1      | Learned a level 2 spell: Shroud of Golubria
   646 | D:2      | Found a snail-covered altar of Cheibriados.
   665 | D:2      | Reached skill level 5 in Long Blades
   665 | D:2      | Reached XP level 3. HP: 14/29 MP: 7/7
  1797 | D:2      | Reached skill level 6 in Long Blades
  1798 | D:2      | Reached XP level 4. HP: 30/35 MP: 8/8
  1803 | D:2      | Learned a level 3 spell: Regeneration
  1864 | D:2      | Found a shimmering altar of Xom.
  2337 | D:2      | Found a stormy altar of Qazlal.
  2399 | D:3      | Found a burning altar of Makhleb.
  2401 | D:3      | Noticed Natasha
  2424 | D:3      | Killed Natasha
  2424 | D:3      | Reached skill level 7 in Long Blades
  2425 | D:3      | Found a glowing silver altar of Zin.
  2425 | D:3      | Noticed an angel
  2426 | D:3      | Noticed a balrug
  2626 | D:3      | Reached XP level 5. HP: 39/41 MP: 9/9
  2749 | D:3      | Noticed Jessica
  2758 | D:3      | Killed Jessica
  2810 | D:3      | Reached skill level 8 in Long Blades
  3067 | D:3      | Found a hazy altar of Hepliaklqana.
  3130 | D:3      | Reached skill level 5 in Charms
  3130 | D:3      | Reached XP level 6. HP: 32/47 MP: 10/10
  3151 | D:3      | Noticed Grinder
  3161 | D:3      | Noticed endorz's ghost (amateur DrBe)
  3355 | D:3      | Noticed Natasha
  3362 | D:3      | Killed Natasha
  3452 | D:3      | Noticed Natasha
  3466 | D:3      | Killed Natasha
  3795 | D:4      | Noticed a phantom
  3829 | D:4      | Reached skill level 5 in Spellcasting
  3844 | D:4      | Killed a phantom
  3844 | D:4      | Reached XP level 7. HP: 32/52 MP: 5/14
  3903 | D:4      | Noticed Robin
  4120 | D:4      | Killed Robin
  4468 | D:4      | Noticed a moth of wrath
  4470 | D:4      | Found a bloodstained altar of Trog.
  4947 | D:5      | Entered Level 5 of the Dungeon
  4947 | D:5      | Found a staircase to the Ecumenical Temple.
  4956 | Temple   | Entered the Ecumenical Temple
  5049 | Temple   | Became a worshipper of Sif Muna the Loreminder
  5098 | D:5      | Found a sand-covered staircase.
  5104 | D:5      | Reached skill level 1 in Necromancy
  5109 | Ossuary  | Entered an ossuary
  5523 | Ossuary  | Reached * piety under Sif Muna
  5523 | Ossuary  | Reached XP level 8. HP: 49/58 MP: 6/16
  5999 | Ossuary  | Gained mutation: You are covered in fur. (AC +1) [potion of mutation]
  5999 | Ossuary  | Gained mutation: Your spells are a little harder to cast, but a little more powerful. [potion of mutation]
  5999 | Ossuary  | Gained mutation: You are resistant to hostile enchantments. (MR+) [potion of mutation]
  6000 | Ossuary  | Lost mutation: Your spells are a little harder to cast, but a little more powerful. [potion of mutation]
  6000 | Ossuary  | Gained mutation: You have a pair of small horns on your head. [potion of mutation]
  6000 | Ossuary  | Gained mutation: Your mind is acute. (Int +2) [potion of mutation]
  6055 | D:5      | Found a white marble altar of Elyvilon.
  6064 | D:5      | Noticed Blork the orc
  6080 | D:5      | Killed Blork the orc
  6110 | D:5      | Found Vutyscha's Magic Scroll Shop.
  6122 | D:5      | Bought a scroll of enchant weapon for 82 gold pieces
  6500 | D:5      | Noticed Prince Ribbit
  6523 | D:5      | HP: 2/58 [Prince Ribbit (16)]
  6525 | D:5      | Slain by Prince Ribbit

Vault maps used:
D:1:      lightli_arrival_quake
D:2:      nicolae_qazlal_eye_of_the_storm, tgw_xom, kennysheep_slug_shrine,
          first_bread, feat_on_display
D:3:      grunt_temple_overflow_order_and_chaos_2, lemuel_doored_altar,
          uniq_natasha, uniq_jessica, uniq_grinder
D:4:      wad_pebble_path, tgw_trog, uniq_robin
D:5:      overflow_temple_1_default, minmay_temple_entry_purple_smoke,
          gup_ossuary_entry_pyramid, serial_shops, nicolae_shop_crystal,
          corexii_item_surrounded_by_moat, uniq_prince_ribbit1,
          uniq_blork_the_orc
Temple:   zaba_magenta_temple
Ossuary:  ossuary_tomb_2

Skill      XL: |  1  2  3  4  5  6  7  8 |
---------------+-------------------------+-----
Long Blades    | 4 5 6 7 8 |  8.0
Charms         | 5 6 7 |  7.0
Spellcasting   | 5 7 |  7.0
Slings         | 3 4 |  4.0
Armour         | 3 4 |  4.0
Necromancy     | 4 |  4.2
Fighting       | |  3.0
Dodging        | |  3.0

Action                   |  1- 3 |  4- 6 |  7- 9 || total
-------------------------+-------+-------+-------++-------
Melee: Falchion          |   104 |   197 |   321 ||   622
       Bite              |     7 |    22 |    33 ||    62
       Unarmed           |       |       |     8 ||     8
       Long sword        |       |       |    16 ||    16
       Headbutt          |       |       |     2 ||     2
 Fire: Hunting sling     |     1 |     7 |     1 ||     9
 Cast: Shroud of Golubri |     1 |       |     2 ||     3
       Song of Slaying   |       |     2 |     3 ||     5
       Infusion          |       |     3 |     1 ||     4
       Regeneration      |       |     1 |     2 ||     3
  Use: Scroll            |     4 |       |     6 ||    10
       Potion            |     1 |     3 |     8 ||    12
  Eat: Chunk             |     2 |     8 |     5 ||    15
       Bread ration      |       |       |     1 ||     1
Armor: Leather armour    |    27 |     8 |       ||    35
       Ring mail         |       |    46 |   116 ||   162
       Skin              |       |       |     1 ||     1
Dodge: Dodged            |    71 |   110 |   162 ||   343
       Rpst.: Falchion   |    16 |    35 |    42 ||    93
       Long sword        |       |       |     2 ||     2
